 Dungeon Crawl Stone Soup version 0.30.1-9-gdf580d7c3d (webtiles) character file.

Game seed: 10909340659737688734

130546 turdburglar the Warrior (level 16, -18/136 HPs)
             Began as a Demonspawn Gladiator on Sept 28, 2023.
             Was the Champion of Jiyva.
             Demolished by a +1 morningstar of holy wrath (34 damage)
             ... on level 1 of the Elven Halls.
             The game lasted 00:56:47 (24401 turns).

turdburglar the Warrior (Demonspawn Gladiator)     Turns: 24401, Time: 00:56:48

Health: -18/136    AC: 14    Str: 23    XL:     16   Next: 23%
Magic:  0/25       EV: 15    Int: 20    God:    Jiyva [******]
Gold:   281        SH: 20    Dex: 14    Spells: 16/28 levels left

rFire   + +          +
                       - Unarmed
rCold   + + +        P - +1 kite shield {rF+}
rNeg    + . .        i - +1 acid dragon scales
rPois   .            (helmet restricted)
rElec   .            v - scarf "Wywk" {rC+ rF+, rN+ Int+2}
rCorr   +            (no gloves)
SInv    .            E - +2 pair of boots {rampage}
Will    ++...        (no amulet)
Stlth   ++           r - ring of protection from fire
HPRegen 2.02/turn    n - ring of protection from cold
MPRegen 0.88/turn

%: guardian spirit, rampage
@: no status effects
A: claws 2, thin metallic scales 1, foul stench 3, magic shield, magic
regeneration, demonic willpower, horns 2, large bone plates 3, clever 2, cold
resistance 1, fire resistance 1, strong 2, acidic bite, eyeballs 1, translucent
skin 1, tendrils, jelly absorbing missiles
}: 1/15 runes: slimy
a: Renounce Religion, Oozemancy, Slimify


You were on level 1 of the Elven Halls.
You worshipped Jiyva.
Jiyva was exalted by your worship.
You visited 5 branches of the dungeon, and saw 28 of its levels.
You also visited: Ossuary, Ice Cave and Volcano.

You collected 1782 gold pieces.
You spent 1501 gold pieces at shops.

Inventory:

Hand Weapons
 a - the +8 Vampire's Tooth {megavamp}
   (You found it on level 5 of the Pits of Slime)
 b - a +4 triple crossbow of freezing
 j - a +4 morningstar of freezing
 O - the +12 war axe "Lorem Ipsum" {drain, Dex+2}
   (You found it on level 5 of the Lair of Beasts)

   Dex:       It affects your dexterity (+2).
Armour
 i - +1 acid dragon scales (worn)
 q - a +2 helmet
 v - the scarf "Wywk" (worn) {rC+ rF+, rN+ Int+2}
   (You found it on level 7 of the Dungeon)

   Int:       It affects your intelligence (+2).
   rN:        It protects you from negative energy.
 E - a +2 pair of boots of rampaging (worn)
 P - a +1 kite shield of fire resistance (worn)
 Q - the +1 pair of gloves "Biocra" {Str+3}
   (You bought it in a shop on level 15 of the Dungeon)

   Str:       It affects your strength (+3).
Magical Staves
 l - a staff of earth
 M - the staff of cold "Cuppeol" {rC+ Will+ Dex+5}
   (You found it on level 5 of the Pits of Slime)

   [staff of cold]

   Base accuracy: +5 Base damage: 5 Base attack delay: 1.2 This weapon's minimum
   attack delay (0.6) is reached at skill level 12.
   Dex:       It affects your dexterity (+5).
   rC:        It protects you from cold.
   Will:      It increases your willpower.
   It falls into the 'Staves' category.
   It is a one-handed weapon.
Jewellery
 n - a ring of protection from cold (right claw)
 r - a ring of protection from fire (left claw)
 x - a ring of fire
 B - a ring of flight
 J - an amulet of reflection
Wands
 m - a wand of acid (10)
 s - a wand of digging (8)
 u - a wand of iceblast (27)
 K - a wand of charming (10)
 N - a wand of flame (20)
Scrolls
 d - 4 scrolls of identify
 f - 3 scrolls of fog
 h - 11 scrolls of teleportation
 k - a scroll of amnesia
 o - a scroll of immolation
 y - a scroll of blinking
 D - a scroll of fear
 H - 5 scrolls of noise
Potions
 g - 7 potions of curing
 w - 4 potions of brilliance
 z - 3 potions of haste
 A - a potion of attraction
 C - 6 potions of magic
 F - a potion of might
 G - a potion of cancellation
 I - a potion of ambrosia
Miscellaneous
 c - a phantom mirror
 e - a box of beasts
 p - a piece from Xom's chessboard (15/15)
 t - a lightning rod (4/4) (quivered)


   Skills:
 * Level 15.6 Fighting
 - Level 1.7 Throwing
 - Level 6.6 Armour
 + Level 10.8 Dodging
 - Level 0.8 Stealth
 + Level 9.5 Shields
 * Level 14.8 Unarmed Combat
 + Level 6.5 Spellcasting
 + Level 7.1 Transmutations
 + Level 7.2 Earth Magic
 + Level 5.6 Evocations


You had 16 spell levels left.
You knew the following spells:

 Your Spells              Type           Power      Damage    Failure   Level
a - Passwall              Tmut/Erth      29%        N/A       1%          2
b - Petrify               Tmut/Erth      35%        N/A       12%         4
c - Statue Form           Tmut/Erth      23%        N/A       87%         6

Your spell library contained the following spells:

 Spells                   Type           Power      Damage    Failure   Level
 Slow                     Hex            24%        N/A       22%         1
 Lee's Rapid Deconstruct  Erth           17%        3d11*     30%         5
 Ensorcelled Hibernation  Hex/Ice        12%        N/A       32%         2
 Static Discharge         Conj/Air       12%        2-3/arc   32%         2
 Confusing Touch          Hex            6%         N/A       54%         3
 Inner Flame              Hex/Fire       6%         N/A       54%         3
 Swiftness                Air            6%         N/A       54%         3
 Vampiric Draining        Necr           6%         2d6       54%         3
 Yara's Violent Unravell  Hex/Tmut       10%        3d6       80%         5
 Airstrike                Air            3%         2d(1-17)  91%         4
 Manifold Assault         Tloc           6%         N/A       91%         4
 Summon Lightning Spire   Summ/Air       6%         N/A       91%         4
 Metabolic Englaciation   Hex/Ice        3%         N/A       99%         5
 Summon Forest            Summ/Tloc      3%         N/A       99%         5
 Summon Mana Viper        Hex/Summ       6%         N/A       99%         5
 Dispersal                Tloc           3%         N/A       100%        6
 Iron Shot                Conj/Erth      10%        9d3       100%        6
 Summon Cactus Giant      Summ           3%         N/A       100%        6
 Enfeeble                 Hex            3%         N/A       100%        7
 Disjunction              Tloc           3%         N/A       100%        8


Dungeon Overview and Level Annotations

Branches:
Dungeon (15/15)            Temple (0/1) D:5            Lair (5/5) D:11
 Shoals (0/4) Lair:2       Spider (0/4) Lair:2        Slime (5/5) Lair:4
    Orc (2/2) D:10            Elf (1/3) Orc:2        Vaults (0/5) D:14
 Depths (0/4) D:15        Ossuary (visited)           IceCv (visited)
Volcano (visited)

Altars:
Ashenzari
Dithmenos
Gozag
Hepliaklqana
Kikubaaqudgha
Nemelex Xobeh
Ru
Vehumet
Wu Jian
Xom
Jiyva

Shops:
D:14 ?   D:15 [   Orc:1 (?=?(   Orc:2 *!**   Elf:1 =

Annotations:
D:3 Sigmund
Slime:5 Royal Jelly
Elf:1 8 runed translucent doors


Innate Abilities, Weirdness & Mutations

You have very sharp fingernails.
You are partially covered in thin metallic scales. (AC +2)
You frequently emit foul miasma when damaged in melee.
When hurt, damage is shared between your health and your magic reserves.
You regenerate magic rapidly.
You punish those that try to bend your will. (Will+)
You have a pair of horns on your head.
You are completely covered in large bone plates. (SH +8)
Your mind is very acute. (Int +8, Str/Dex -2)
Your flesh is cold resistant. (rC+)
Your flesh is heat resistant. (rF+)
Your muscles are very strong. (Str +8, Int/Dex -2)
You have acidic saliva.
Your body has grown eyes which may confuse attackers. (Acc +3)
Your translucent skin slightly reduces your foes' accuracy. (Stealth+)
You are covered in slimy tendrils that may disarm your opponents.
You have a small jelly attached to you that may absorb projectiles.


Message History

Your will lashes out at the deep elf archer.
The deep elf archer wields a +0 longbow.
The deep elf archer shoots an arrow.
The arrow hits you!
You mangle the +1 morningstar of holy wrath!!
You headbutt the +1 morningstar of holy wrath, but do no damage.
The +1 morningstar of holy wrath is severely damaged.
The +1 morningstar of holy wrath hits you.
You convulse.
The deep elf archer shoots an arrow.
You block the arrow.
You miss the +1 morningstar of holy wrath.
The +1 morningstar of holy wrath is severely damaged.
You block the +1 morningstar of holy wrath's attack.
The deep elf archer shoots an arrow.
You block the arrow.
The deep elf archer casts a spell at you.
You resist with almost no effort.
Your will lashes out at the deep elf archer.
You scratch the +1 morningstar of holy wrath.
You bite the +1 morningstar of holy wrath, but do no damage.
The +1 morningstar of holy wrath is almost destroyed.
The deep elf archer is no longer covered in acid.
You block the +1 morningstar of holy wrath's attack.
The deep elf archer shoots an arrow.
You block the arrow.
You block the +1 morningstar of holy wrath's attack.
You rampage towards the deep elf archer!
The deep elf archer unwields a +0 shortbow.
The deep elf archer wields a +0 short sword.
You block the deep elf archer's attack.
The deep elf archer shoots an arrow.
The arrow hits you!!
Your attached jelly eats the arrow!
You feel better.
You scratch the deep elf archer. The deep elf archer blocks your attack.
The deep elf archer is moderately wounded.
The deep elf archer hits you with a +0 short sword.
You emit a cloud of foul miasma!
The deep elf archer shoots an arrow.
The arrow hits you!!
* * * LOW HITPOINT WARNING * * *
The deep elf archer blocks your attack.
You bite the deep elf archer, but do no damage.
The deep elf archer is moderately wounded.
The +1 morningstar of holy wrath hits you!!
* * * LOW HITPOINT WARNING * * *
You convulse!!!
You die...

..# ## #. ... # #. #.# #
#####.# ##'## # .......
##...## #
.......#####.....## #
........##.+'+....## ##
........##.'∩'.....####.
......e@())++'.....'....
.......[)#†........####.
.........##.......## ##
........####.....## #
........# ##...##
......... ....##
....e...# ###..#
###.##..# #..# #. #..


You could see 2 deep elf archers and a +1 morningstar of holy wrath.

Vanquished Creatures
  Rupert (Lair:5)
  Gastronok (D:11)
  Kirke (Lair:4)
  A frost giant (D:15)
  An ironbound preserver (D:14)
  The ghost of Egemog the Cleaver, a journeyman MiBe of Trog (Lair:4)
  A red draconian (Volcano)
  A dire elephant (Lair:1)
  A deep elf death mage (Elf:1)
  5 hydras
  A catoblepas (Lair:3)
  An ice dragon (IceCv)
  7 centaur warriors
  2 boulder beetles
  2 two-headed ogres
  A merfolk avatar (Lair:5)
  6 dancing weapons (Elf:1)
  6 death yaks
  An orc high priest (Orc:2)
  7 tengu warriors
  6 deep elf knights (Elf:1)
  A fire crab (Lair:1)
  3 skysharks
  4 skeletal warriors (D:15)
  A sea snake (Lair:5)
  An orc knight (D:15)
  7 deep elf zephyrmancers (Elf:1)
  Pikel (D:8)
  5 ugly things
  4 deep elf archers (Elf:1)
  An oklob plant (D:11)
  6 orc sorcerers
  A salamander (Volcano)
  11 deep elf pyromancers
  5 manticores
  4 cyclopes
  18 elephants
  2 ice statues (IceCv)
  5 black mambas
  7 molten gargoyles
  11 cane toads
  7 gargoyles
  7 rime drakes
  2 kobold demonologists
  2 tengu conjurers
  9 komodo dragons
  2 efreet
  3 polar bears
  2 hornets
  7 trolls
  A wind drake (Lair:5)
  Grinder (D:4)
  7 blink frogs
  A culicivora (Lair:2)
  2 snapping turtles
  5 dream sheep (Lair:3)
  2 air elementals (Elf:1)
  8 centaur simulacra (D:12)
  3 vampires
  2 water elementals
  2 shadows
  8 wyverns
  6 basilisks
  74 yaks
  Eustachio (D:5)
  3 wraiths
  2 steam dragons
  12 vampire mosquitoes
  Menkaure (D:6)
  A harpy simulacrum (D:11)
  4 wargs
  A warg (shapeshifter) (Elf:1)
  12 water moccasins
  6 acid dragons
  22 orc warriors
  6 ice beasts
  5 ogres
  2 black bears
  8 centaurs
  5 wolves
  2 phantoms
  9 kobold brigands
  A wyvern zombie (Ossuary)
  8 bullfrogs
  A scorpion (D:6)
  A water moccasin zombie (Ossuary)
  9 wights
  A troll zombie (D:10)
  2 lindwurm simulacra (IceCv)
  7 electric eels
  4 lava snakes (D:12)
  4 howler monkeys
  7 komodo dragon simulacra (IceCv)
  4 centaur zombies (Ossuary)
  4 bullfrog zombies (Ossuary)
  7 hounds
  30 orc priests
  A sleepcap (D:7)
  3 iguanas
  25 orc wizards
  5 killer bee zombies (Ossuary)
  4 ogre zombies (D:10)
  A boggart simulacrum (D:12)
  16 mummies (Ossuary)
  A howler monkey zombie (Ossuary)
  5 acid dragon simulacra (IceCv)
  4 adders
  2 gnolls (D:7)
  17 white imps (D:12)
  2 ufetubi (D:12)
  6 steam dragon simulacra (IceCv)
  2 worms
  A dart slug (D:1)
  50 orcs
  5 endoplasms
  3 giant cockroaches
  11 goblins
  8 hobgoblins
  2 quokkas (D:3)
  4 ball pythons
  7 bats
  3 frilled lizards
  2 goblin skeletons (D:10)
  3 goblin zombies (D:10)
  A hobgoblin skeleton (D:10)
  2 hobgoblin zombies (D:10)
  10 kobolds
  3 orc skeletons (D:10)
  7 orc zombies (D:10)
  8 rats
731 creatures vanquished.

Vanquished Creatures (collateral kills)
  Roxanne (Elf:1)
  A fire dragon (shapeshifter) (Elf:1)
  Sonja (Lair:4)
  A skeletal warrior (D:15)
  A cyclops (D:15)
  2 black mambas (Lair:1)
  A komodo dragon (Lair:1)
  A hornet (Lair:1)
  A polar bear (Lair:1)
  A shadow (D:10)
  A yak (Lair:1)
  A wyvern (Lair:1)
  A water moccasin (Lair:1)
  A black bear (Lair:1)
  A wolf (Lair:4)
  A bullfrog (Lair:4)
  An electric eel (Lair:1)
  An orc wizard (Orc:2)
  A hell rat (Lair:1)
  A goblin zombie (D:10)
  A hobgoblin skeleton (D:10)
  A hobgoblin zombie (D:10)
  An orc skeleton (D:10)
  3 orc zombies (D:10)
27 creatures vanquished.

Vanquished Creatures (others)
  A centaur warrior (D:13)
  A deep elf pyromancer (D:14)
  An elephant (Lair:5)
  3 rime drakes
  The ghost of adizb the Trooper, an amateur DsFi of Trog (D:4)
  A blink frog (Lair:4)
  A hornet (Lair:5)
  15 slime creatures
  A centaur simulacrum (D:12)
  2 wyverns
  2 wraiths
  4 yaks
  A human (Lair:4)
  A vampire mosquito (D:12)
  A warg (Orc:2)
  4 water moccasins
  A wolf (Lair:5)
  4 centaurs
  A lemure (D:8)
  A phantom (D:7)
  2 bullfrogs
  A scorpion (D:7)
  A howler monkey (D:14)
  A lava snake (D:12)
  88 jellies
  2 orc priests
  A hound (D:7)
  A sleepcap (D:7)
  A gnoll bouda (D:7)
  An iguana (D:7)
  8 orc wizards
  2 ogre zombies (D:10)
  A howler monkey zombie (Ossuary)
  5 gnolls
  An acid dragon simulacrum (IceCv)
  A shadow imp (D:8)
  A white imp (D:7)
  An ufetubus (D:12)
  21 orcs
  4 kobolds (D:8)
191 creatures vanquished.

Grand Total: 949 creatures vanquished

Notes
Turn   | Place    | Note
-------+----------+-------------------------------------------
     0 | D:1      | turdburglar the Demonspawn Gladiator began the quest for
                  | the Orb.
     0 | D:1      | Reached XP level 1. HP: 16/16 MP: 1/1
   138 | D:1      | Gained mutation: You may rarely emit foul miasma when
                  | damaged in melee. [demonic ancestry]
   138 | D:1      | Reached XP level 2. HP: 22/22 MP: 2/2
   798 | D:2      | Gained mutation: You have sharp fingernails. [demonic
                  | ancestry]
   798 | D:2      | Reached XP level 3. HP: 14/28 MP: 3/3
  1094 | D:2      | Reached skill level 1 in Armour
  1171 | D:2      | Identified the +1 robe of the Forest {rElec rC+++ Int-4}
  1442 | D:3      | Found a broken altar of Ashenzari.
  1499 | D:3      | Gained mutation: You have very sharp fingernails. [demonic
                  | ancestry]
  1499 | D:3      | Reached XP level 4. HP: 25/34 MP: 4/4
  1589 | D:3      | Noticed Sigmund
  1848 | D:3      | Learned a level 2 spell: Passwall
  2080 | D:3      | Learned a level 1 spell: Slow
  2337 | D:3      | You fall into a shaft and drop 3 floors!
  2399 | D:5      | Entered Level 5 of the Dungeon
  2407 | D:5      | Noticed a phantom
  2472 | D:3      | Reached XP level 5. HP: 39/40 MP: 5/5
  2849 | D:4      | Found a runed translucent door.
  2850 | D:4      | Noticed adizb's ghost (amateur DsFi)
  3048 | D:4      | Reached skill level 3 in Fighting
  3240 | D:4      | Found a runed translucent door.
  3491 | D:4      | Noticed Grinder
  3493 | D:4      | Paralysed by Grinder for 4 turns
  3503 | D:4      | Paralysed by Grinder for 3 turns
  3543 | D:4      | Killed Grinder
  3544 | D:4      | Gained mutation: You regenerate magic rapidly. [demonic
                  | ancestry]
  3544 | D:4      | Reached XP level 6. HP: 8/47 MP: 6/6
  3702 | D:4      | Found a hazy altar of Hepliaklqana.
  3702 | D:4      | Noticed an orc warrior
  3738 | D:4      | Killed an orc warrior
  3946 | D:4      | Found a faded altar of an unknown god.
  3951 | D:4      | Prayed at the altar of an unknown god.
  3951 | D:4      | Became a worshipper of Jiyva Juissid the Shapeless
  3951 | D:4      | Reached * piety under Jiyva
  4025 | D:4      | Killed adizb's ghost
  4026 | D:4      | Reached skill level 5 in Unarmed Combat
  4026 | D:4      | Gained mutation: You sometimes emit foul miasma when
                  | damaged in melee. [demonic ancestry]
  4026 | D:4      | Reached XP level 7. HP: 48/53 MP: 7/7
  4080 | D:5      | Reached skill level 4 in Fighting
  4135 | D:5      | Found a sparkling altar of Nemelex Xobeh.
  4200 | D:5      | Found a staircase to the Ecumenical Temple.
  4350 | D:5      | Noticed Eustachio
  4361 | D:5      | Killed Eustachio
  4769 | D:6      | Gained mutation: When hurt, damage is shared between your
                  | health and your magic reserves. [demonic ancestry]
  4769 | D:6      | Reached XP level 8. HP: 26/61 MP: 8/8
  4909 | D:6      | Reached ** piety under Jiyva
  4912 | D:6      | Noticed Menkaure
  4923 | D:6      | Killed Menkaure
  5003 | D:6      | Reached skill level 5 in Dodging
  5008 | D:6      | Reached skill level 5 in Fighting
  5293 | D:6      | Reached *** piety under Jiyva
  5510 | D:6      | Identified the +0 barding of Dary {rElec}
  5583 | D:7      | Killed a slime creature
  5611 | D:7      | Found an opulent altar of Gozag.
  5636 | D:7      | Noticed a red ugly thing
  5656 | D:7      | Killed a red ugly thing
  5657 | D:7      | Reached skill level 1 in Shields
  5720 | D:7      | Noticed a white ugly thing
  5947 | D:7      | Gained mutation: You are partially covered in large bone
                  | plates. (SH +4) [Jiyva's grace]
  5947 | D:7      | Gained mutation: You are mostly covered in large bone
                  | plates. (SH +6) [Jiyva's grace]
  5947 | D:7      | Gained mutation: You are completely covered in large bone
                  | plates. (SH +8) [Jiyva's grace]
  5947 | D:7      | Gained mutation: You are agile. (Dex +4, Str/Int -1)
                  | [Jiyva's grace]
  5963 | D:7      | Reached XP level 9. HP: 61/68 MP: 9/9
  6080 | D:7      | Noticed a troll
  6094 | D:7      | Killed a troll
  6150 | D:7      | Noticed a komodo dragon
  6161 | D:7      | Noticed a cyclops
  6169 | D:7      | Killed a komodo dragon
  6170 | D:7      | Killed a cyclops
  6171 | D:7      | Reached skill level 6 in Fighting
  6446 | D:7      | Reached skill level 5 in Armour
  6446 | D:7      | Gained mutation: You are partially covered in thin metallic
                  | scales. (AC +2) [demonic ancestry]
  6446 | D:7      | Reached XP level 10. HP: 67/77 MP: 10/10
  6524 | D:7      | Killed a purple ugly thing
  6658 | D:7      | Identified the +10 mace of the Ring {drain, Int+2}
  6658 | D:7      | Identified the scarf "Wywk" {rC+ rF+, rN+ Int+2}
  7107 | D:7      | Found an ornate altar of the Wu Jian Council.
  7431 | D:8      | Reached **** piety under Jiyva
  7462 | D:8      | Found a radiant altar of Vehumet.
  7522 | D:8      | Reached skill level 7 in Fighting
  7626 | D:8      | Noticed Pikel
  7633 | D:8      | Killed Pikel
  7727 | D:8      | Found a sand-covered staircase.
  7734 | Ossuary  | Entered an ossuary
  8072 | D:8      | Found a shimmering altar of Xom.
  8072 | D:8      | Found a sacrificial altar of Ru.
  8086 | D:8      | Found a shadowy altar of Dithmenos.
  8263 | D:9      | Identified a scroll of acquirement
  8263 | D:9      | Acquired a manual of Fighting
  8311 | D:9      | Gained mutation: You punish those that try to bend your
                  | will. (Will+) [demonic ancestry]
  8311 | D:9      | Reached XP level 11. HP: 84/84 MP: 11/11
  8435 | D:9      | Reached skill level 10 in Unarmed Combat
  8499 | D:9      | Reached skill level 5 in Shields
  8756 | D:10     | Entered Level 10 of the Dungeon
  8767 | D:10     | Reached ***** piety under Jiyva
  8784 | D:10     | Found a staircase to the Orcish Mines.
  8802 | D:10     | Reached skill level 8 in Fighting
  8936 | D:10     | Noticed a tengu warrior
  8948 | D:10     | Killed a tengu warrior
  9245 | D:10     | Gained mutation: Your body has grown eyes which may confuse
                  | attackers. (Acc +3) [Jiyva's grace]
  9245 | D:10     | Gained mutation: Your body has grown many eyes which may
                  | confuse attackers. (Acc +5) [Jiyva's grace]
  9245 | D:10     | Gained mutation: Your body is covered in eyes which may
                  | confuse attackers. (Acc +7, SInv) [Jiyva's grace]
  9245 | D:10     | Gained mutation: Your flesh is cold resistant. (rC+)
                  | [Jiyva's grace]
  9265 | D:10     | Reached skill level 9 in Fighting
  9964 | D:10     | Learned a level 6 spell: Statue Form
 10147 | D:11     | Identified the +3 long sword "Illaokavo" {chaos, rElec
                  | Will+ Int+4}
 10346 | D:11     | Noticed an oklob plant
 10347 | D:11     | Found a staircase to the Lair.
 10366 | D:11     | Killed an oklob plant
 10367 | D:11     | Reached skill level 1 in Transmutations
 10405 | D:11     | Reached skill level 1 in Spellcasting
 10542 | D:11     | Noticed Gastronok
 10570 | D:11     | Killed Gastronok
 10571 | D:11     | Reached skill level 1 in Earth Magic
 10571 | D:11     | Reached XP level 12. HP: 75/97 MP: 11/13
 10977 | Lair:1   | Entered Level 1 of the Lair of Beasts
 11127 | Lair:1   | Noticed a death yak
 11128 | Lair:1   | Noticed a death yak
 11130 | Lair:1   | Noticed a death yak
 11138 | Lair:1   | Killed a death yak
 11157 | Lair:1   | Killed a death yak
 11158 | Lair:1   | Reached skill level 10 in Fighting
 11222 | Lair:1   | Killed a death yak
 11262 | Lair:1   | Lost mutation: You are agile. (Dex +4, Str/Int -1) [Jiyva's
                  | grace]
 11262 | Lair:1   | Lost mutation: Your body is covered in eyes which may
                  | confuse attackers. (Acc +7, SInv) [Jiyva's grace]
 11262 | Lair:1   | Gained mutation: You are agile. (Dex +4, Str/Int -1)
                  | [Jiyva's grace]
 11262 | Lair:1   | Gained mutation: You are very agile. (Dex +8, Str/Int -2)
                  | [Jiyva's grace]
 11262 | Lair:1   | Gained mutation: You expend magic power (3 MP) to
                  | strengthen your wands. [Jiyva's grace]
 11262 | Lair:1   | Gained mutation: You have sharp toenails. [Jiyva's grace]
 11589 | Lair:1   | Noticed an eight-headed hydra
 11595 | Lair:1   | Killed an eight-headed hydra
 11647 | Lair:1   | Noticed a dire elephant
 11658 | Lair:1   | Killed a dire elephant
 11659 | Lair:1   | Reached skill level 11 in Fighting
 11671 | Lair:1   | Reached XP level 13. HP: 66/106 MP: 17/17
 12357 | Lair:2   | Found a hole to the Spider Nest.
 12383 | Lair:2   | Identified the +1 short sword of Compulsion {protect, rF+}
 12555 | Lair:2   | Found a staircase to the Shoals.
 12815 | Lair:2   | Found a dark tunnel.
 12824 | Volcano  | Entered a volcano
 12995 | Volcano  | Noticed a red draconian
 13021 | Volcano  | Killed a red draconian
 13118 | Volcano  | Noticed an orb of fire
 13118 | Volcano  | Noticed an orb of fire
 13708 | Lair:3   | Reached ****** piety under Jiyva
 13783 | Lair:3   | Lost mutation: You are completely covered in large bone
                  | plates. (SH +8) [Jiyva's grace]
 13783 | Lair:3   | Gained mutation: Your flesh is heat resistant. (rF+)
                  | [Jiyva's grace]
 13783 | Lair:3   | Gained mutation: Your flesh is very heat resistant. (rF++)
                  | [Jiyva's grace]
 13783 | Lair:3   | Gained mutation: Your flesh is almost immune to the effects
                  | of heat. (rF+++) [Jiyva's grace]
 13783 | Lair:3   | Gained mutation: You have a small jelly attached to you
                  | that may absorb projectiles. [Jiyva's grace]
 13863 | Lair:3   | Reached skill level 12 in Fighting
 14019 | Lair:3   | Found an ancient bone altar of Kikubaaqudgha.
 14823 | Lair:4   | Noticed Sonja
 14825 | Lair:4   | Killed Sonja
 14826 | Lair:4   | Reached skill level 1 in Evocations
 14837 | Lair:4   | Reached skill level 5 in Earth Magic
 14871 | Lair:4   | Noticed Egemog's ghost (journeyman MiBe)
 14879 | Lair:4   | Found a runed translucent door.
 14888 | Lair:4   | Gained mutation: You frequently emit foul miasma when
                  | damaged in melee. [demonic ancestry]
 14888 | Lair:4   | Reached XP level 14. HP: 116/116 MP: 20/20
 14890 | Lair:4   | Reached skill level 5 in Transmutations
 14934 | Lair:4   | Killed Egemog's ghost
 15012 | Lair:4   | Reached skill level 13 in Fighting
 15065 | Lair:4   | Noticed Kirke
 15107 | Lair:4   | Killed Kirke
 15645 | Lair:4   | Lost mutation: You are mostly covered in large bone plates.
                  | (SH +6) [Jiyva's grace]
 15645 | Lair:4   | Lost mutation: Your flesh is almost immune to the effects
                  | of heat. (rF+++) [Jiyva's grace]
 15645 | Lair:4   | Lost mutation: You expend magic power (3 MP) to strengthen
                  | your wands. [Jiyva's grace]
 15645 | Lair:4   | Gained mutation: You have a pair of small horns on your
                  | head. [Jiyva's grace]
 15645 | Lair:4   | Gained mutation: You have a pair of horns on your head.
                  | [Jiyva's grace]
 15645 | Lair:4   | Gained mutation: You have a pair of large horns on your
                  | head. [Jiyva's grace]
 15645 | Lair:4   | Gained mutation: You are covered in slimy tendrils that may
                  | disarm your opponents. [Jiyva's grace]
 15798 | Lair:4   | Found a viscous altar of Jiyva.
 15798 | Lair:4   | Found a staircase to the Slime Pits.
 15806 | Slime:1  | Entered Level 1 of the Pits of Slime
 15808 | Slime:1  | Noticed a quicksilver ooze
 15935 | Slime:2  | Noticed a quicksilver ooze
 16038 | Slime:2  | Noticed a quicksilver ooze
 16146 | Slime:3  | Noticed an azure jelly
 16182 | Slime:3  | Noticed an acid blob
 16187 | Slime:3  | Noticed an acid blob
 16363 | Slime:4  | Noticed an azure jelly
 16473 | Slime:5  | Entered Level 5 of the Pits of Slime
 16473 | Slime:5  | Noticed an azure jelly
 16519 | Slime:5  | Noticed an acid blob
 16528 | Slime:5  | Noticed an azure jelly
 16540 | Slime:5  | Noticed a rockslime
 16618 | Slime:5  | Noticed a quicksilver ooze
 16618 | Slime:5  | Noticed an acid blob
 16635 | Slime:5  | Noticed an acid blob
 16640 | Slime:5  | Noticed the Royal Jelly
 16667 | Slime:5  | Found the +8 Vampire's Tooth {megavamp}
 16669 | Slime:5  | Noticed a quicksilver ooze
 16670 | Slime:5  | Found a viscous altar of Jiyva.
 16670 | Slime:5  | Noticed an acid blob
 16671 | Slime:5  | Noticed an acid blob
 16671 | Slime:5  | Noticed a rockslime
 16672 | Slime:5  | Noticed an acid blob
 16672 | Slime:5  | Noticed an acid blob
 16678 | Slime:5  | Got a slimy rune of Zot
 16687 | Slime:5  | Identified the staff of air "Somae" {rElec rPois Str+3
                  | Int-3}
 16689 | Slime:5  | Identified the staff of cold "Cuppeol" {rC+ Will+ Dex+5}
 16693 | Slime:5  | Noticed an acid blob
 16707 | Slime:5  | Identified the +1 robe "Yremuxug" {Dex+7}
 16850 | Slime:3  | Noticed a rockslime
 16854 | Slime:3  | Noticed an acid blob
 16883 | Slime:3  | Noticed an acid blob
 16895 | Slime:3  | Noticed an acid blob
 17009 | Slime:2  | Noticed an acid blob
 17078 | Slime:1  | Noticed an acid blob
 17079 | Slime:1  | Noticed an azure jelly
 17170 | Slime:1  | Noticed an azure jelly
 17324 | Lair:5   | Entered Level 5 of the Lair of Beasts
 17360 | Lair:5   | Learned a level 4 spell: Petrify
 17360 | Lair:5   | Noticed Rupert
 17370 | Lair:5   | Killed Rupert
 17445 | Lair:5   | an eight-headed hydra changed into an azure jelly
 17445 | Lair:5   | Noticed an azure jelly
 17626 | Lair:5   | a four-headed hydra changed into an acid blob
 17626 | Lair:5   | Noticed an acid blob
 17666 | Lair:5   | a six-headed hydra changed into an azure jelly
 17666 | Lair:5   | Noticed an azure jelly
 17778 | Lair:5   | Reached skill level 14 in Fighting
 17778 | Lair:5   | Reached skill level 10 in Dodging
 17897 | Lair:5   | Identified the +12 war axe "Lorem Ipsum" {drain, Dex+2}
 18331 | D:12     | Reached skill level 5 in Spellcasting
 18384 | D:12     | Found a frozen archway.
 18400 | IceCv    | Entered an ice cave
 18815 | D:12     | Lost mutation: You are very agile. (Dex +8, Str/Int -2)
                  | [Jiyva's grace]
 18815 | D:12     | Lost mutation: You are agile. (Dex +4, Str/Int -1) [Jiyva's
                  | grace]
 18815 | D:12     | Lost mutation: Your body has grown many eyes which may
                  | confuse attackers. (Acc +5) [Jiyva's grace]
 18815 | D:12     | Lost mutation: You have a small jelly attached to you that
                  | may absorb projectiles. [Jiyva's grace]
 18815 | D:12     | Gained mutation: You have acidic saliva. [Jiyva's grace]
 18815 | D:12     | Gained mutation: You are mostly covered in large bone
                  | plates. (SH +6) [Jiyva's grace]
 18815 | D:12     | Gained mutation: You are completely covered in large bone
                  | plates. (SH +8) [Jiyva's grace]
 18815 | D:12     | Gained mutation: Armour fits poorly on your pseudopods.
                  | [Jiyva's grace]
 19611 | D:13     | Reached XP level 15. HP: 125/127 MP: 22/22
 19696 | D:13     | a seven-headed hydra changed into an acid blob
 19696 | D:13     | Noticed an acid blob
 20525 | D:14     | Found a gate to the Vaults.
 20887 | D:14     | Lost mutation: You have a pair of large horns on your head.
                  | [Jiyva's grace]
 20887 | D:14     | Lost mutation: Your flesh is very heat resistant. (rF++)
                  | [Jiyva's grace]
 20887 | D:14     | Lost mutation: Armour fits poorly on your pseudopods.
                  | [Jiyva's grace]
 20887 | D:14     | Gained mutation: Your translucent skin slightly reduces
                  | your foes' accuracy. (Stealth+) [Jiyva's grace]
 20887 | D:14     | Gained mutation: Your translucent skin reduces your foes'
                  | accuracy. (Stealth+) [Jiyva's grace]
 20887 | D:14     | Gained mutation: Your transparent skin significantly
                  | reduces your foes' accuracy. (Stealth+) [Jiyva's grace]
 20887 | D:14     | Gained mutation: You have a small jelly attached to you
                  | that may absorb projectiles. [Jiyva's grace]
 21050 | D:14     | Found Viog's Magic Scroll Shop.
 21053 | D:14     | Bought a scroll of enchant weapon for 127 gold pieces
 21053 | D:14     | Bought a scroll of teleportation for 51 gold pieces
 21053 | D:14     | Bought a scroll of teleportation for 51 gold pieces
 21053 | D:14     | Bought a scroll of teleportation for 51 gold pieces
 21053 | D:14     | Bought a scroll of teleportation for 51 gold pieces
 21436 | D:15     | Entered Level 15 of the Dungeon
 21480 | D:15     | Identified the +2 leather armour of Honour {Harm SInv}
 21516 | D:15     | Reached skill level 15 in Fighting
 21650 | D:15     | Found Pyleakua's Armour Boutique.
 21661 | D:15     | Bought the +1 pair of gloves "Biocra" {Str+3} for 250 gold
                  | pieces
 21787 | D:15     | Found a staircase to the Depths.
 21787 | D:15     | Noticed a frost giant
 21793 | D:15     | Killed a frost giant
 22114 | Orc:1    | Entered Level 1 of the Orcish Mines
 22245 | Orc:1    | Found Goic's Magic Scroll Boutique.
 22357 | Orc:2    | Entered Level 2 of the Orcish Mines
 22421 | Orc:2    | Found a staircase to the Elven Halls.
 22728 | Orc:2    | Found Mideonn's General Store.
 22728 | Orc:2    | Found Dahulla's General Store.
 22729 | Orc:2    | Found Hum Cyiw's Distillery.
 22734 | Orc:2    | Found Deuxiq's General Store.
 22753 | Orc:2    | Bought a wand of flame (7) for 53 gold pieces
 22754 | Orc:2    | Bought a wand of acid (8) for 470 gold pieces
 22755 | Orc:2    | Bought a scroll of fear for 60 gold pieces
 22755 | Orc:2    | Bought a scroll of blinking for 112 gold pieces
 22755 | Orc:2    | Bought a scroll of fog for 60 gold pieces
 22756 | Orc:2    | Bought a potion of heal wounds for 55 gold pieces
 22756 | Orc:2    | Bought a potion of haste for 110 gold pieces
 22844 | Orc:2    | Lost mutation: You have sharp toenails. [Jiyva's grace]
 22844 | Orc:2    | Lost mutation: Your transparent skin significantly reduces
                  | your foes' accuracy. (Stealth+) [Jiyva's grace]
 22844 | Orc:2    | Lost mutation: Your translucent skin reduces your foes'
                  | accuracy. (Stealth+) [Jiyva's grace]
 22844 | Orc:2    | Gained mutation: Your mind is acute. (Int +4, Str/Dex -1)
                  | [Jiyva's grace]
 22844 | Orc:2    | Gained mutation: Your mind is very acute. (Int +8, Str/Dex
                  | -2) [Jiyva's grace]
 22844 | Orc:2    | Gained mutation: Your muscles are strong. (Str +4, Int/Dex
                  | -1) [Jiyva's grace]
 22844 | Orc:2    | Gained mutation: Your muscles are very strong. (Str +8,
                  | Int/Dex -2) [Jiyva's grace]
 22935 | Orc:2    | Reached skill level 5 in Evocations
 23181 | Orc:1    | Found Lyirghyxt's Jewellery Shoppe.
 23202 | Orc:1    | Found Piphurph's Magic Scroll Shop.
 23250 | Orc:1    | Found Muatoc's Weapon Shop.
 23397 | Orc:1    | Found Nuanausu's Weapon Shoppe.
 23404 | Orc:1    | Paralysed by an orc sorcerer for 4 turns
 23582 | Elf:1    | Entered Level 1 of the Elven Halls
 23630 | Elf:1    | Paralysed by an air elemental for 1 turns
 23638 | Elf:1    | Paralysed by an air elemental for 1 turns
 23698 | Elf:1    | Paralysed by an air elemental for 1 turns
 23713 | Elf:1    | Reached XP level 16. HP: 63/136 MP: 17/25
 23887 | Elf:1    | Identified Roxanne's Guide on the Plateau
 23887 | Elf:1    | Noticed Roxanne
 23906 | Elf:1    | Killed Roxanne
 24110 | Elf:1    | Found a huge runed translucent gate.
 24111 | Elf:1    | Found a huge runed translucent gate.
 24111 | Elf:1    | Found a huge runed translucent gate.
 24111 | Elf:1    | Found a huge runed translucent gate.
 24112 | Elf:1    | Found a huge runed translucent gate.
 24112 | Elf:1    | Found a huge runed translucent gate.
 24112 | Elf:1    | Found a huge runed translucent gate.
 24114 | Elf:1    | Found a huge runed translucent gate.
 24360 | Elf:1    | Found Hamuh's Jewellery Emporium.
 24401 | Elf:1    | Demolished by a +1 morningstar of holy wrath

Illustrated notes

Levels and vault maps discovered:
D:1:      psy_arrival_radial01, layout_basic
D:2:      layout_rooms
D:3:      layout_basic, mainiacjoe_overflow_boulevard, uniq_sigmund
D:4:      layout_loops_ring, beargit_hepliaklqana_dungeon_heroes,
          ebering_ghost_sewer_f, uniq_grinder
D:5:      layout_loops_ring, mainiacjoe_overflow_24_doors,
          minmay_temple_entry_offerings, uniq_eustachio
D:6:      layout_gridville, uniq_menkaure
D:7:      minmay_the_grid_plus [minmay_the_grid_minigrid_large,
          minmay_the_grid_expand, minmay_the_grid_odd_star,
          minmay_the_grid_aliased_spiral,
          minmay_the_grid_prize_four_corners_diamond_b], layout_loops_corners,
          nzn_wu_jian_council_hall, lemuel_tele_altar
D:8:      layout_rooms, mainiacjoe_overflow_alcove_1,
          nicolae_overflow_crystal_walls, gammafunk_temple_overflow_elements,
          chequers_ossuary_entry_cave, uniq_pikel
D:9:      layout_cave_pools
D:10:     layout_stronghold, zombieorc2_lemuel, grunt_ministairs_6
D:11:     layout_basic, dpeg_oklobed_lair, serial_co_window_serial,
          co_window_of_opportunity_a, co_window_paths_a, co_window_paths_b,
          co_window_paths_b, co_window_corner_a, co_window_unsneaky_path_a,
          co_window_unsneaky_path_d, co_window_broadway_b, co_window_corner_b,
          co_window_of_opportunity_c, co_window_2corner, co_window_paths_e,
          glass_columns_a, glass_columns_c, glass_columns_a, glass_columns_a,
          glass_columns_b, uniq_gastronok
D:12:     cheibrodos_magma_flow, layout_small_grid, serial_ice, serial_ice_m,
          serial_ice_g, serial_ice_o, serial_ice_d, serial_ice_f, serial_ice_a,
          serial_ice_c, serial_ice_l, serial_ice_n, serial_ice_h,
          portal_ice_cave_entry_imps
D:13:     minmay_razor_zed, layout_loops_ring
D:14:     layout_stronghold, skrybe_vaults_entry_preservation, serial_shops,
          nicolae_shop_rolled_up, hangedman_decor_points
D:15:     grunt_enter_depths_snipers, layout_rooms, serial_shops,
          nicolae_shop_tiny_waterfront
Lair:1:   layout_cellular_growth, chequers_serial_rivers_micro_d,
          nicolae_lair_lakeside_cave, grunt_megastairs_3
Lair:2:   layout_hall_layers, minmay_shoals_entry_hut, spider_nest_entry_rubble,
          nicolae_volcano_entry_hallway, nicolae_lair_grazing_beasts
          [nicolae_sub_lair_graze_edge, nicolae_sub_lair_graze_edge,
          nicolae_sub_lair_graze_edge, nicolae_sub_lair_graze_edge],
          serial_bayou_shore_a
Lair:3:   layout_cave_pods, basic_altar, serial_bayou_pond_b,
          grunt_megastairs_4, infiniplex_staircase_pool_2
Lair:4:   layout_layer_cave, dpeg_slime_entry_enclosed,
          hellmonk_ghost_happy_afterlife, uniq_kirke, uniq_sonja
Lair:5:   gammafunk_lair_ancient_temple, layout_long_grid, serial_bayou_ford_a,
          st_stairs_10, uniq_rupert
Slime:1:  layout_caves
Slime:2:  layout_caves
Slime:3:  layout_caves
Slime:4:  layout_caves, nicolae_slime_rock_hall_of_fame
Slime:5
Orc:1:    layout_caves, serial_shops, shop, nicolae_shop_rolled_up,
          nicolae_shop_rolling_square, nicolae_shop_real_fake_doors,
          nicolae_shop_window_shopping
Orc:2:    st_orc_mages, layout_diamond_mine
Elf:1:    elf_arrival_001, layout_loops_corners, serial_shops,
          nicolae_shop_tiny_real_fake_doors, minivault_28,
          nicolae_elf_double_double_double_trouble, lemuel_upstairs_altar,
          uniq_agnes, uniq_roxanne

Skill      XL: |  1  2  3  4  5  6  7  8  9 10 11 12 13 14 15 16 |
---------------+-------------------------------------------------+-----
Unarmed Combat | 3 4 5 6 7 8 9 11 12 13 14 | 14.8
Dodging        | 3 4 5 6 7 8 9 10 | 10.8
Armour         | 1 2 3 5 6 |  6.6
Fighting       | 3 4 5 6 7 9 11 12 14 15 | 15.6
Shields        | 1 3 4 6 7 8 9 |  9.5
Transmutations | 1 3 4 6 7 |  7.1
Spellcasting   | 1 3 4 5 6 |  6.5
Earth Magic    | 1 3 5 6 7 |  7.2
Evocations     | 1 3 5 |  5.6
Throwing       | |  1.7
Stealth        | |  0.8

Action                     |  1- 3 |  4- 6 |  7- 9 | 10-12 | 13-15 | 16-18 || total
---------------------------+-------+-------+-------+-------+-------+-------++-------
  Melee: Unarmed           |   164 |   121 |   160 |   825 |  1445 |   100 ||  2815
         Punch             |     3 |     1 |     9 |    21 |       |       ||    34
         Kick              |       |       |       |    70 |    82 |       ||   152
         Headbutt          |       |       |       |       |   264 |    17 ||   281
         Pseudopods        |       |       |       |       |    56 |       ||    56
         Bite              |       |       |       |       |    97 |    18 ||   115
  Throw: Throwing net      |     2 |       |     1 |     1 |       |       ||     4
 Invoke: Oozemancy         |       |       |       |     2 |     1 |       ||     3
         Slimify           |       |       |       |     1 |     5 |       ||     6
  Evoke: Wand              |       |     2 |     3 |     1 |     4 |       ||    10
         Lightning rod     |       |       |     7 |     6 |     9 |       ||    22
         Piece from Xom's  |       |       |     1 |    13 |     2 |       ||    16
         Box of beasts     |       |       |       |     1 |     4 |       ||     5
    Use: Scroll            |     1 |    11 |     4 |     9 |    10 |     2 ||    37
         Potion            |       |     4 |     1 |       |     3 |     1 ||     9
   Stab: Sleeping          |     2 |       |       |     1 |     5 |       ||     8
         Invisible         |       |     5 |       |       |     3 |       ||     8
         Distracted        |       |     1 |       |     1 |     4 |       ||     6
         Petrifying        |       |       |       |     1 |       |       ||     1
         Petrified         |       |       |       |     1 |       |       ||     1
         Confused          |       |       |       |    25 |    65 |     2 ||    92
 Armour: Leather armour    |    29 |       |       |       |       |       ||    29
         Ring mail         |    27 |    40 |    46 |    55 |       |       ||   168
         Acid dragon scale |       |       |       |    87 |   288 |    15 ||   390
  Dodge: Dodged            |    89 |    62 |    80 |   334 |   601 |    36 ||  1202
  Block: Other             |       |       |    21 |    87 |       |       ||   108
         Kite shield       |       |       |       |   585 |  1438 |    94 ||  2117
